AoeStats
← Malik Bhai

Arena

508347842Analyzed
1v1 RM · 10d ago on Sep 22, 2026· 64m 10s· 2 players
Game mode
Random Map
Map size
Tiny (2 player)
Population
200
Speed
Normal
Resources
Standard
Victory
Conquest
Starting age
Dark Age
Ending age
Imperial Age
RankedLock teamsTeams togetherTeam positionsShared explorationLock speedFull tech treeHidden civsTurbo modeCheats
Victory
Defeat
🇵🇰 Tatars · Pakistan
1674
+12
🇨🇱 Sicilians · Chile
1590
-12
[CL] FARFANA
10:50 Feudal Age
15:05 Castle Age
12:55 Double-Bit Axe
12:57 Horse Collar
17:01 Bow Saw
17:13 Loom
17:12 Light Cavalry
23:29 Forging
24:07 Wheelbarrow
24:40 Husbandry
27:42 Gold Mining
31:08 Imperial Age
28:51 Scale Barding Armor
29:14 Bloodlines
30:40 Hand Cart
31:40 Chain Barding Armor
31:55 Iron Casting
31:43 Fletching
31:54 Padded Archer Armor
31:52 Elite Skirmisher
33:19 Ballistics
34:00 Chemistry
34:21 Plate Barding Armor
33:43 Bodkin Arrow
35:57 Bracer
36:13 Leather Archer Armor
35:45 Cavalier
37:14 Arrowslits
37:41 Masonry
38:13 Iron Casting
37:59 Hauberk
39:59 Blast Furnace
39:32 Conscription
42:53 Siege Engineers
43:27 Hoardings
42:14 Elite Serjeant
48:14 Squires
48:31 Scale Mail Armor
48:49 Pikeman
49:47 Chain Mail Armor
49:30 Halberdier
50:58 Plate Mail Armor
Malik Bhai
10:30 Feudal Age
14:53 Castle Age
12:49 Double-Bit Axe
13:33 Horse Collar
15:08 Light Cavalry
16:14 Forging
20:46 Bow Saw
27:46 Iron Casting
30:25 Imperial Age
28:21 Gold Mining
28:22 Stone Mining
28:24 Fletching
28:58 Ballistics
29:09 Bodkin Arrow
29:26 Clinker Construction
29:31 Clinker Construction
30:59 Padded Archer Armor
31:09 Bracer
32:15 Chemistry
31:06 Loom
31:58 Wheelbarrow
32:06 Leather Archer Armor
33:54 Ring Archer Armor
33:22 Heavy Cavalry Archer
34:22 Bloodlines
34:13 Husbandry
35:24 Scale Barding Armor
35:55 Iron Casting
36:50 Chain Barding Armor
35:51 Hussar
36:31 Husbandry
37:19 Husbandry
38:57 Blast Furnace
38:16 Heavy Plow
38:49 Silk Armor
40:29 Plate Barding Armor
43:45 Heavy Camel Rider
49:15 Conscription
50:13 Elite Skirmisher
51:47 Town Watch
52:19 Hand Cart
59:37 Timurid Siegecraft
62:39 Scale Mail Armor
62:00 Man-at-Arms
62:41 Squires
Connection lost

Rejoining the realm…

Still unreachable

The connection could not be restored.

Session expired

The server has moved on; the page needs a fresh start.